 Dungeon Crawl Stone Soup version 0.31.0-12-g77e489cdc1 (webtiles) character file.

Game seed: 2077425214052776493

196 spaghetti the Covert (level 5, -7/49 HPs)
             Began as a Naga Chaos Knight on Feb 18, 2024.
             Was a Plaything of Xom.
             Mangled by an iguana (19 damage)
             ... on level 4 of the Dungeon.
             The game lasted 00:03:31 (3002 turns).

spaghetti the Covert (Naga Chaos Knight)            Turns: 3002, Time: 00:03:31

Health: -7/49      AC:  5    Str: 14    XL:     5   Next: 75%
Magic:  5/5        EV:  9    Int: 14    God:    Xom [......]
Gold:   196        SH:  0    Dex: 11    Spells: 4/4 levels left

rFire   . . .        a - +0 short sword (chaos)
rCold   + . .        (no shield)
rNeg    . . .        b - +2 leather armour
rPois   +            (no helmet)
rElec   .            (no cloak)
rCorr   .            (no gloves)
SInv    +            (no barding)
Will    .....        (no amulet)
Stlth   +++          (no ring)
HPRegen 0.28/turn    (no ring)
MPRegen 0.09/turn

%: no passive effects
@: very slow
A: AC +1, large, see invisible, deformed body, poison resistance, slowness 2,
spit poison 1, naga tail 1, cold resistance 1, devolution 1
a: Spit Poison, Renounce Religion


You were on level 4 of the Dungeon.
You worshipped Xom.
You were a very special plaything of Xom.
You visited 1 branch of the dungeon, and saw 4 of its levels.

You collected 196 gold pieces.

Inventory:

Hand Weapons
 a - a +0 short sword of chaos (weapon)
Armour
 b - a +2 leather armour (worn)
Jewellery
 e - a ring of positive energy
Wands
 f - a wand of charming (9)
 p - a wand of iceblast (9)
Scrolls
 c - a scroll of butterflies
 g - a scroll of brand weapon {unknown}
 i - a scroll of amnesia
 l - a scroll of vulnerability
 o - a scroll of revelation
Potions
 d - 4 potions of curing
 h - a potion of heal wounds
 k - a potion of might {unknown}
 m - a potion of enlightenment {unknown}
 n - a potion of resistance {unknown}


   Skills:
 - Level 3.0 Fighting
 - Level 3.0 Short Blades
 - Level 1.5 Armour
 - Level 0.7 Dodging
 + Level 8.4 Stealth


You had 4 spell levels left.
You didn't know any spells.
Your spell library contained the following spells:

 Spells                   Type           Power      Damage    Failure   Level
 Sublimation of Blood     Necr           0%         N/A       47%         2
 Tukima's Dance           Hex            0%         N/A       71%         3
 Passage of Golubria      Tloc           0%         N/A       98%         4
 Petrify                  Alch/Erth      0%         N/A       98%         4
 Irradiate                Conj/Alch      0%         3d11      100%        5
 Yara's Violent Unravell  Hex/Alch       0%         3d3       100%        5


Dungeon Overview and Level Annotations

Branches:
Dungeon (4/15)
 Temple: D:4-7

Altars:
Trog


Innate Abilities, Weirdness & Mutations

Your serpentine skin is tough. (AC +1)
You have supernaturally acute eyesight. (SInv)
Armour fits poorly on your strangely shaped body.
Your system is resistant to poisons. (rPois)
You cover ground very slowly.
You can spit poison.
You have a snake-like lower body.
Your flesh is cold resistant. (rC+)
You have hidden genetic defects.


Message History

You are too injured to fight recklessly!
You are too injured to fight recklessly!
You are too injured to fight recklessly!
You are too injured to fight recklessly!
You are too injured to fight recklessly!
You are too injured to fight recklessly!
You are too injured to fight recklessly!
You are too injured to fight recklessly!
You are too injured to fight recklessly!
An iguana is nearby!
An iguana is nearby!
An iguana is nearby!
You hit the iguana but do no damage.
The iguana is heavily wounded.
The iguana barely misses you.
You hit the iguana but do no damage.
The iguana flies into a frenzy!
Your punch misses the iguana.
The iguana is heavily wounded.
The iguana barely misses you.
You barely miss the iguana.
The iguana is heavily wounded.
The iguana bites you!
You hit the iguana but do no damage.
The iguana looks even sicker.
The iguana is heavily wounded.
The iguana bites you.
* * * LOW HITPOINT WARNING * * *
The iguana barely misses you.
You closely miss the iguana.
The iguana is heavily wounded.
The iguana bites you.
* * * LOW HITPOINT WARNING * * *
You barely miss the iguana.
The iguana is severely wounded.
The iguana barely misses you.
Unknown command.
You hit the iguana but do no damage.
The iguana suddenly seems more resistant.
The iguana is severely wounded.
The iguana bites you!!
You die...

........# #.....####
........###........##
#.......#......#....#
..........#........#
#........##....#...#
...................#
.#............./...#
......#........#...#
.....†.........#@..#
...>[........."#l..#
..........###.###.##
............... .#
..........###.. .#
.....>.#..# #. .#
.......#... .# .. ##
..


You could see a neutral iguana (fast, strong, frenzied, resistant, very
poisoned, vitrified).

Vanquished Creatures
  A hound (D:4)
  2 iguanas (D:4)
  4 adders
  2 dart slugs
  2 ribbon worms
  2 orcs (D:3)
  4 ball pythons
  7 bats
  9 endoplasms
  4 giant cockroaches
  5 goblins
  4 hobgoblins
  3 jackals (D:2)
  3 quokkas
  6 frilled lizards
  7 kobolds
  4 rats (D:1)
69 creatures vanquished.

Vanquished Creatures (collateral kills)
  An endoplasm (D:1)
1 creature vanquished.

Vanquished Creatures (others)
  A bat zombie (D:1)
1 creature vanquished.

Grand Total: 71 creatures vanquished

Notes
Turn   | Place    | Note
-------+----------+-------------------------------------------
     0 | D:1      | spaghetti the Naga Chaos Knight began the quest for the
                  | Orb.
     0 | D:1      | Reached XP level 1. HP: 21/21 MP: 1/1
   117 | D:1      | Reached skill level 1 in Stealth
   159 | D:1      | Reached skill level 2 in Stealth
   201 | D:1      | Reached XP level 2. HP: 28/28 MP: 2/2
   243 | D:1      | Reached skill level 3 in Stealth
   375 | D:1      | Gained mutation: You possess an exceptional clarity of
                  | mind. [potion of mutation]
   391 | D:1      | XOM: potion effect (curing)
   397 | D:1      | Reached skill level 4 in Stealth
   401 | D:1      | Reached XP level 3. HP: 29/34 MP: 3/3
   577 | D:1      | XOM: potion effect (berserk rage)
   829 | D:1      | XOM: divination: detect items
  1134 | D:2      | Reached skill level 5 in Stealth
  1340 | D:2      | Found a bloodstained altar of Trog.
  1345 | D:2      | Reached XP level 4. HP: 40/42 MP: 4/4
  1400 | D:2      | Reached skill level 6 in Stealth
  2496 | D:4      | XOM: chaos cloud
  2506 | D:4      | Reached skill level 7 in Stealth
  2506 | D:4      | Reached XP level 5. HP: 41/49 MP: 5/5
  2593 | D:4      | Reached skill level 8 in Stealth
  2626 | D:4      | XOM: torment (14/49 hp)
  2914 | D:4      | XOM: give mutations
  2914 | D:4      | Gained mutation: Your natural rate of healing is unusually
                  | fast. [Xom's mischief]
  2914 | D:4      | Gained mutation: Your body sometimes deteriorates upon
                  | taking damage. [Xom's mischief]
  2914 | D:4      | Lost mutation: Your natural rate of healing is unusually
                  | fast. [Xom's mischief]
  2927 | D:4      | Lost mutation: Your body sometimes deteriorates upon taking
                  | damage. [potion of mutation]
  2927 | D:4      | Lost mutation: You possess an exceptional clarity of mind.
                  | [potion of mutation]
  2927 | D:4      | Gained mutation: You have hidden genetic defects. [potion
                  | of mutation]
  2927 | D:4      | Gained mutation: Your flesh is cold resistant. (rC+)
                  | [potion of mutation]
  3002 | D:4      | Mangled by an iguana

Illustrated notes

Levels and vault maps discovered:
D:1:      kilobyte_arrival_exit_the_forest, layout_rooms, minmay_tetromino_s4
D:2:      layout_loops_cross, basic_altar, kennysheep_generic_room_4
D:3:      layout_basic, serial_bayou_pond_c
D:4:      layout_rooms

Skill      XL: |  1  2  3  4  5 |
---------------+----------------+-----
Stealth        | 2 4 5 7 8 |  8.4
Fighting       | |  3.0
Short Blades   | |  3.0
Armour         | |  1.5
Dodging        | |  0.7

Action                     |  1- 3 |  4- 6 || total
---------------------------+-------+-------++-------
  Melee: Short sword       |   123 |    98 ||   221
         Punch             |       |     3 ||     3
Ability: Spit Poison       |    30 |    22 ||    52
    Use: Potion            |     6 |     2 ||     8
         Scroll            |       |     5 ||     5
   Stab: Petrifying        |       |     1 ||     1
 Armour: Leather armour    |    93 |    43 ||   136
         Skin              |       |    71 ||    71
  Dodge: Dodged            |    54 |    43 ||    97
